3309 views
Uploaded 2020-04-02 03:01:20
Game version 1.32.3
18:13 long 4on4 ladder game on (8)GolemsInTheMist_LV
Saved by Teelo
3309 views
Uploaded 2020-04-02 03:01:20
Game version 1.32.3
18:13 long 4on4 ladder game on (8)GolemsInTheMist_LV


131 units @ 20.8k
/ 3.3k
80 buildings @ 10.6k
/ 3.8k


| Scroll of Regeneration | 4 | 400 |
| Lesser Clarity Potion | 2 | 140 |
| Potion of Healing | 1 | 150 |
| Scroll of Town Portal | 2 | 700 |
| Periapt of Vitality | 1 | 325 |
| total: | 10 | 1715g |
| Peasant | 12 | 900 | / | 0 |
| Footman | 4 | 540 | / | 0 |
| Rifleman | 5 | 1025 | / | 150 |
| Mortar Team | 6 | 1080 | / | 420 |
| Priest | 4 | 540 | / | 40 |
| Knight | 6 | 1470 | / | 360 |
| Siege Engine | 3 | 585 | / | 180 |
| Sorceress | 1 | 155 | / | 20 |
| Goblin Shredder | 1 | 375 | / | 100 |
| total: | 42 | 6670g | / | 1270w |
| Scout Tower | 3 | 90 | / | 60 |
| Arcane Tower | 1 | 70 | / | 50 |
| Guard Tower | 2 | 140 | / | 100 |
| Altar of Kings | 1 | 180 | / | 50 |
| Farm | 11 | 880 | / | 220 |
| Barracks | 2 | 320 | / | 120 |
| Town Hall | 2 | 770 | / | 410 |
| Blacksmith | 1 | 140 | / | 60 |
| Arcane Vault | 1 | 130 | / | 30 |
| Lumber Mill | 1 | 120 | / | 0 |
| Workshop | 2 | 280 | / | 280 |
| Arcane Sanctum | 1 | 150 | / | 140 |
| Keep | 1 | 320 | / | 210 |
| Castle | 1 | 360 | / | 210 |
| total: | 25 | 3060g | / | 1370w |
| 0:22 | Peasant |
| 0:22 | Peasant |
| 0:22 | Peasant |
| 0:28 | Altar of Kings |
| 0:40 | Farm |
| 0:43 | Peasant |
| 0:55 | Barracks |
| 1:01 | Farm |
| 1:02 | Farm |
| 1:10 | Peasant |
| 1:23 | Peasant |
| 1:50 | Peasant |
| 2:05 | Footman |
| 2:06 | Footman |
| 2:10 | Peasant |
| 2:30 | Footman |
| 2:32 | Peasant |
| 2:39 | Summon Water Elemental |
| 2:48 | Peasant |
| 2:56 | Footman |
| 3:00 | Peasant |
| 3:27 | Peasant |
| 3:49 | Brilliance Aura |
| 4:09 | Town Hall |
| 4:17 | Blacksmith |
| 4:20 | Scout Tower |
| 4:25 | Farm |
| 4:46 | Arcane Vault |
| 4:50 | Lumber Mill |
| 4:53 | Arcane Tower |
| 5:32 | Keep |
| 5:34 | Rifleman |
| 5:40 | Scout Tower |
| 5:52 | Scroll of Regeneration |
| 5:52 | Scroll of Regeneration |
| 5:56 | Rifleman |
| 6:00 | Lesser Clarity Potion |
| 6:13 | Guard Tower |
| 6:26 | Goblin Shredder |
| 6:39 | Barracks |
| 6:42 | Farm |
| 6:44 | Farm |
| 6:57 | Iron Forged Swords |
| 7:05 | Rifleman |
| 7:16 | Scout Tower |
| 7:27 | Periapt of Vitality |
| 7:42 | Rifleman |
| 7:45 | Rifleman |
| 7:50 | Black Gunpowder |
| 7:51 | Studded Leather Armor |
| 7:51 | Iron Plating |
| 8:06 | Workshop |
| 8:08 | Long Rifles |
| 8:11 | Farm |
| 8:12 | Farm |
| 8:13 | Farm |
| 8:35 | Castle |
| 8:36 | Guard Tower |
| 8:38 | Improved Masonry |
| 9:34 | Mortar Team |
| 9:34 | Flare |
| 9:37 | Scroll of Regeneration |
| 9:38 | Potion of Healing |
| 9:39 | Scroll of Town Portal |
| 9:51 | Advanced Masonry |
| 9:51 | Improved Lumber Harvesting |
| 9:57 | Workshop |
| 10:03 | Arcane Sanctum |
| 10:13 | Refined Gunpowder |
| 10:15 | Reinforced Leather Armor |
| 10:21 | Mortar Team |
| 10:49 | Mortar Team |
| 11:03 | Blizzard |
| 11:23 | Priest |
| 11:23 | Priest |
| 11:23 | Priest Adept Training |
| 11:33 | Scroll of Regeneration |
| 11:33 | Lesser Clarity Potion |
| 11:39 | Scroll of Town Portal |
| 11:48 | Animal War Training |
| 11:49 | Knight |
| 11:51 | Sundering Blades |
| 11:52 | Knight |
| 13:06 | Town Hall |
| 13:17 | Siege Engine |
| 13:18 | Barrage |
| 13:20 | Mortar Team |
| 13:20 | Fragmentation Shards |
| 13:23 | Knight |
| 13:25 | Knight |
| 13:27 | Priest |
| 13:28 | Priest Master Training |
| 13:33 | Dragonhide Armor |
| 13:52 | Siege Engine |
| 14:12 | Brilliance Aura |
| 14:19 | Siege Engine |
| 14:21 | Priest |
| 15:22 | Knight |
| 15:23 | Knight |
| 15:25 | Mortar Team |
| 15:30 | Mortar Team |
| 15:56 | Flame Strike |
| 16:00 | Imbued Gunpowder |
| 16:39 | Steel Forged Swords |
| 16:43 | Farm |
| 16:47 | Farm |
| 17:11 | Brilliance Aura |
| 17:22 | Banish |
| 17:33 | Sorceress Adept Training |
| 17:34 | Sorceress |
| 18:05 | Steel Plating |
| Select | 229 |
| Right click | 151 |
| Select group | 128 |
| Build/train/purchase | 113 |
| Misc. action | 102 |
| Assign group | 33 |
| Use ability | 8 |
| Item give/drop | 1 |

| Lesser Clarity Potion | 5 | 350 |
| Scroll of Regeneration | 3 | 300 |
| Mechanical Critter | 1 | 50 |
| Orb of Fire | 1 | 325 |
| Staff of Sanctuary | 1 | 250 |
| Potion of Mana | 2 | 400 |
| Potion of Healing | 1 | 150 |
| Scroll of Town Portal | 1 | 350 |
| total: | 15 | 2175g |
| Peasant | 16 | 1200 | / | 0 |
| Footman | 6 | 810 | / | 0 |
| Spell Breaker | 7 | 1505 | / | 210 |
| Knight | 9 | 2205 | / | 540 |
| total: | 38 | 5720g | / | 750w |
| Scout Tower | 4 | 120 | / | 80 |
| Arcane Tower | 1 | 70 | / | 50 |
| Guard Tower | 3 | 210 | / | 150 |
| Altar of Kings | 1 | 180 | / | 50 |
| Farm | 12 | 960 | / | 240 |
| Barracks | 2 | 320 | / | 120 |
| Arcane Vault | 1 | 130 | / | 30 |
| Lumber Mill | 1 | 120 | / | 0 |
| Blacksmith | 1 | 140 | / | 60 |
| Town Hall | 1 | 385 | / | 205 |
| Arcane Sanctum | 1 | 150 | / | 140 |
| Keep | 1 | 320 | / | 210 |
| Castle | 1 | 360 | / | 210 |
| total: | 24 | 2505g | / | 925w |
| 0:01 | Peasant |
| 0:02 | Peasant |
| 0:02 | Peasant |
| 0:23 | Altar of Kings |
| 0:35 | Farm |
| 0:37 | Peasant |
| 0:37 | Peasant |
| 0:51 | Barracks |
| 1:03 | Farm |
| 1:19 | Peasant |
| 1:19 | Peasant |
| 1:20 | Peasant |
| 1:35 | Arcane Vault |
| 1:50 | Farm |
| 1:56 | Lumber Mill |
| 2:01 | Footman |
| 2:08 | Peasant |
| 2:13 | Scout Tower |
| 2:24 | Flame Strike |
| 2:32 | Footman |
| 2:52 | Arcane Tower |
| 2:55 | Blacksmith |
| 2:57 | Peasant |
| 3:01 | Peasant |
| 3:36 | Lesser Clarity Potion |
| 3:36 | Lesser Clarity Potion |
| 3:36 | Scroll of Regeneration |
| 3:40 | Mechanical Critter |
| 3:55 | Defend |
| 4:46 | Keep |
| 4:52 | Siphon Mana |
| 5:04 | Town Hall |
| 5:08 | Scout Tower |
| 5:10 | Scout Tower |
| 5:12 | Scout Tower |
| 5:17 | Iron Forged Swords |
| 5:22 | Lesser Clarity Potion |
| 5:22 | Lesser Clarity Potion |
| 5:31 | Footman |
| 5:45 | Guard Tower |
| 5:47 | Guard Tower |
| 6:06 | Scroll of Regeneration |
| 6:22 | Guard Tower |
| 6:26 | Iron Plating |
| 6:38 | Peasant |
| 7:05 | Footman |
| 7:25 | Castle |
| 7:28 | Arcane Sanctum |
| 8:09 | Footman |
| 8:22 | Barracks |
| 8:30 | Flame Strike |
| 8:34 | Steel Forged Swords |
| 8:46 | Footman |
| 8:50 | Spell Breaker |
| 8:50 | Spell Breaker |
| 8:50 | Spell Breaker |
| 8:54 | Farm |
| 8:56 | Improved Lumber Harvesting |
| 10:07 | Control Magic |
| 10:10 | Knight |
| 10:12 | Peasant |
| 10:12 | Peasant |
| 10:12 | Peasant |
| 10:12 | Peasant |
| 11:02 | Knight |
| 11:04 | Sundering Blades |
| 11:04 | Animal War Training |
| 12:24 | Knight |
| 12:42 | Mithril Forged Swords |
| 12:45 | Siphon Mana |
| 12:48 | Scroll of Regeneration |
| 12:49 | Lesser Clarity Potion |
| 12:51 | Scroll of Town Portal |
| 12:51 | Orb of Fire |
| 12:52 | Staff of Sanctuary |
| 12:54 | Potion of Mana |
| 12:55 | Potion of Mana |
| 13:04 | Farm |
| 13:04 | Farm |
| 13:05 | Farm |
| 13:05 | Farm |
| 13:08 | Farm |
| 13:08 | Farm |
| 13:09 | Farm |
| 13:09 | Farm |
| 13:12 | Advanced Lumber Harvesting |
| 13:12 | Improved Masonry |
| 13:14 | Steel Plating |
| 13:25 | Potion of Healing |
| 13:45 | Spell Breaker |
| 13:45 | Spell Breaker |
| 13:47 | Knight |
| 13:48 | Knight |
| 14:15 | Knight |
| 14:16 | Knight |
| 14:18 | Spell Breaker |
| 15:36 | Mithril Plating |
| 15:37 | Knight |
| 15:38 | Spell Breaker |
| 15:39 | Magic Sentry |
| 16:58 | Flame Strike |
| 17:13 | Knight |
| 18:02 | Advanced Masonry |
| 18:07 | Black Gunpowder |
| 18:07 | Studded Leather Armor |
| Select group | 357 |
| Right click | 255 |
| Assign group | 164 |
| Select | 145 |
| Misc. action | 115 |
| Chat | 111 |
| Build/train/purchase | 104 |
| Use ability | 44 |
| Resource trade | 4 |
| Minimap ping | 3 |
| Item give/drop | 2 |


| Rod of Necromancy | 2 | 300 |
| Sacrificial Skull | 1 | 50 |
| Scroll of Healing | 1 | 250 |
| total: | 4 | 600g |
| Acolyte | 7 | 525 | / | 0 |
| Ghoul | 3 | 360 | / | 0 |
| Crypt Fiend | 8 | 1720 | / | 320 |
| Obsidian Statue | 3 | 600 | / | 105 |
| Abomination | 2 | 480 | / | 140 |
| Meat Wagon | 2 | 460 | / | 100 |
| total: | 25 | 4145g | / | 665w |
| Nerubian Tower | 1 | 100 | / | 20 |
| Graveyard | 1 | 215 | / | 0 |
| Crypt | 1 | 200 | / | 50 |
| Altar of Darkness | 2 | 360 | / | 100 |
| Ziggurat | 6 | 900 | / | 300 |
| Tomb of Relics | 2 | 260 | / | 60 |
| Necropolis | 1 | 225 | / | 0 |
| Slaughterhouse | 1 | 140 | / | 135 |
| Halls of the Dead | 2 | 640 | / | 420 |
| Black Citadel | 1 | 325 | / | 230 |
| total: | 14 | 2300g | / | 645w |
| 0:03 | Acolyte |
| 0:11 | Graveyard |
| 0:13 | Crypt |
| 0:20 | Acolyte |
| 0:44 | Altar of Darkness |
| 0:45 | Altar of Darkness |
| 0:59 | Ziggurat |
| 1:17 | Ghoul |
| 1:39 | Tomb of Relics |
| 1:49 | Crypt Fiend |
| 2:01 | Ziggurat |
| 2:23 | Crypt Fiend |
| 2:23 | Crypt Fiend |
| 2:48 | Rod of Necromancy |
| 2:57 | Death Coil |
| 3:00 | Crypt Fiend |
| 3:20 | Nerubian Tower |
| 3:34 | Crypt Fiend |
| 4:10 | Halls of the Dead |
| 4:22 | Unholy Aura |
| 4:26 | Ziggurat |
| 5:03 | Ghoul |
| 5:13 | Rod of Necromancy |
| 5:13 | Sacrificial Skull |
| 5:35 | Crypt Fiend |
| 5:51 | Death Coil |
| 6:10 | Ghoul |
| 7:01 | Black Citadel |
| 7:13 | Slaughterhouse |
| 7:32 | Ziggurat |
| 7:56 | Frost Nova |
| 8:06 | Burrow |
| 8:30 | Scroll of Healing |
| 8:38 | Obsidian Statue |
| 9:22 | Obsidian Statue |
| 10:03 | Destroyer Form |
| 10:03 | Creature Attack |
| 10:06 | Acolyte |
| 10:59 | Necropolis |
| 11:16 | Acolyte |
| 11:16 | Acolyte |
| 11:16 | Acolyte |
| 11:17 | Acolyte |
| 11:47 | Unholy Aura |
| 12:52 | Crypt Fiend |
| 12:53 | Obsidian Statue |
| 13:09 | Frost Armor |
| 13:31 | Ziggurat |
| 13:32 | Ziggurat |
| 13:33 | Tomb of Relics |
| 13:46 | Crypt Fiend |
| 13:48 | Abomination |
| 13:50 | Improved Creature Attack |
| 13:50 | Creature Carapace |
| 15:19 | Frost Nova |
| 15:23 | Abomination |
| 15:24 | Advanced Creature Attack |
| 15:43 | Death Coil |
| 16:08 | Web |
| 17:02 | Frost Armor |
| 17:10 | Unholy Aura |
| 17:48 | Meat Wagon |
| 17:48 | Meat Wagon |
| Right click | 1401 |
| Select group | 1315 |
| Select | 404 |
| Misc. action | 333 |
| Build/train/purchase | 81 |
| Use ability | 40 |
| Assign group | 24 |
| Chat | 21 |
| Minimap ping | 3 |
| Item give/drop | 2 |


| Rod of Necromancy | 1 | 150 |
| Orb of Corruption | 2 | 750 |
| Potion of Healing | 1 | 150 |
| Potion of Mana | 1 | 200 |
| Potion of Lesser Invulnerability | 1 | 150 |
| total: | 6 | 1400g |
| Acolyte | 7 | 525 | / | 0 |
| Ghoul | 3 | 360 | / | 0 |
| Crypt Fiend | 10 | 2150 | / | 400 |
| Obsidian Statue | 5 | 1000 | / | 175 |
| Abomination | 1 | 240 | / | 70 |
| total: | 26 | 4275g | / | 645w |
| Spirit Tower | 5 | 725 | / | 200 |
| Graveyard | 1 | 215 | / | 0 |
| Crypt | 1 | 200 | / | 50 |
| Altar of Darkness | 1 | 180 | / | 50 |
| Ziggurat | 10 | 1500 | / | 500 |
| Tomb of Relics | 1 | 130 | / | 30 |
| Necropolis | 1 | 225 | / | 0 |
| Slaughterhouse | 2 | 280 | / | 270 |
| Halls of the Dead | 1 | 320 | / | 210 |
| Black Citadel | 1 | 325 | / | 230 |
| total: | 17 | 2730g | / | 900w |
| 0:02 | Acolyte |
| 0:06 | Graveyard |
| 0:08 | Crypt |
| 0:18 | Acolyte |
| 0:30 | Altar of Darkness |
| 0:47 | Ziggurat |
| 1:10 | Ghoul |
| 1:16 | Tomb of Relics |
| 1:40 | Crypt Fiend |
| 1:50 | Ziggurat |
| 2:12 | Crypt Fiend |
| 2:35 | Rod of Necromancy |
| 2:36 | Death Coil |
| 2:52 | Ghoul |
| 3:15 | Halls of the Dead |
| 3:58 | Crypt Fiend |
| 3:59 | Ziggurat |
| 4:03 | Unholy Aura |
| 4:37 | Ghoul |
| 4:47 | Necropolis |
| 5:00 | Crypt Fiend |
| 5:11 | Ziggurat |
| 6:03 | Slaughterhouse |
| 6:44 | Acolyte |
| 7:00 | Frost Nova |
| 7:29 | Crypt Fiend |
| 7:29 | Crypt Fiend |
| 7:31 | Black Citadel |
| 7:39 | Death Coil |
| 7:51 | Ziggurat |
| 7:52 | Ziggurat |
| 7:54 | Ziggurat |
| 7:55 | Ziggurat |
| 8:06 | Slaughterhouse |
| 8:27 | Potion of Lesser Invulnerability |
| 8:48 | Obsidian Statue |
| 9:10 | Crypt Fiend |
| 9:13 | Spirit Tower |
| 9:14 | Acolyte |
| 9:15 | Acolyte |
| 9:35 | Spirit Tower |
| 10:07 | Frost Armor |
| 10:26 | Ziggurat |
| 10:32 | Creature Attack |
| 10:33 | Destroyer Form |
| 10:34 | Web |
| 10:36 | Obsidian Statue |
| 11:14 | Ziggurat |
| 11:18 | Spirit Tower |
| 11:28 | Orb of Corruption |
| 11:29 | Potion of Healing |
| 11:29 | Potion of Mana |
| 11:39 | Obsidian Statue |
| 11:49 | Improved Creature Attack |
| 12:45 | Frost Nova |
| 12:52 | Unholy Aura |
| 14:10 | Crypt Fiend |
| 14:10 | Crypt Fiend |
| 14:11 | Obsidian Statue |
| 14:12 | Obsidian Statue |
| 14:24 | Death Coil |
| 14:31 | Crypt Fiend |
| 14:32 | Advanced Creature Attack |
| 14:33 | Creature Carapace |
| 14:36 | Spirit Tower |
| 14:38 | Acolyte |
| 14:40 | Acolyte |
| 15:06 | Disease Cloud |
| 15:16 | Unholy Strength |
| 15:18 | Unholy Armor |
| 15:49 | Orb of Corruption |
| 16:12 | Abomination |
| 16:43 | Frost Armor |
| 18:08 | Spirit Tower |
| 18:12 | Burrow |
| Right click | 846 |
| Select group | 245 |
| Select | 232 |
| Build/train/purchase | 94 |
| Use ability | 34 |
| Chat | 28 |
| Assign group | 26 |
| Misc. action | 10 |
| Item give/drop | 4 |
| Minimap ping | 4 |
127 units @ 19.3k
/ 2.1k
66 buildings @ 8.4k
/ 3k

| Potion of Healing | 4 | 600 |
| Scroll of Regeneration | 1 | 100 |
| Potion of Mana | 1 | 200 |
| Lesser Clarity Potion | 1 | 70 |
| Orb of Fire | 1 | 325 |
| Scroll of Town Portal | 3 | 1050 |
| Scroll of Speed | 1 | 50 |
| total: | 12 | 2395g |
| Peasant | 6 | 450 | / | 0 |
| Footman | 4 | 540 | / | 0 |
| Rifleman | 7 | 1435 | / | 210 |
| Priest | 3 | 405 | / | 30 |
| Knight | 5 | 1225 | / | 300 |
| Spell Breaker | 4 | 860 | / | 120 |
| total: | 29 | 4915g | / | 660w |
| Altar of Kings | 1 | 180 | / | 50 |
| Farm | 13 | 1040 | / | 260 |
| Barracks | 1 | 160 | / | 60 |
| Blacksmith | 1 | 140 | / | 60 |
| Arcane Vault | 1 | 130 | / | 30 |
| Lumber Mill | 1 | 120 | / | 0 |
| Arcane Sanctum | 1 | 150 | / | 140 |
| Keep | 1 | 320 | / | 210 |
| Castle | 1 | 360 | / | 210 |
| total: | 19 | 1920g | / | 600w |
| 0:02 | Peasant |
| 0:02 | Peasant |
| 0:05 | Altar of Kings |
| 0:07 | Farm |
| 0:13 | Barracks |
| 0:33 | Peasant |
| 1:12 | Peasant |
| 1:12 | Peasant |
| 1:43 | Peasant |
| 1:52 | Footman |
| 1:55 | Farm |
| 2:10 | Farm |
| 2:44 | Blacksmith |
| 2:46 | Footman |
| 2:47 | Footman |
| 3:50 | Footman |
| 4:20 | Rifleman |
| 4:26 | Rifleman |
| 4:33 | Keep |
| 4:52 | Rifleman |
| 4:58 | Flame Strike |
| 5:35 | Farm |
| 6:05 | Arcane Vault |
| 6:08 | Farm |
| 7:50 | Rifleman |
| 7:51 | Castle |
| 7:53 | Farm |
| 8:15 | Farm |
| 8:19 | Rifleman |
| 8:30 | Black Gunpowder |
| 8:31 | Farm |
| 8:40 | Banish |
| 9:04 | Potion of Healing |
| 9:12 | Potion of Healing |
| 9:12 | Scroll of Regeneration |
| 9:37 | Rifleman |
| 11:27 | Arcane Sanctum |
| 11:31 | Lumber Mill |
| 11:34 | Flame Strike |
| 11:36 | Potion of Healing |
| 11:37 | Potion of Mana |
| 11:41 | Scroll of Town Portal |
| 11:41 | Scroll of Speed |
| 11:43 | Lesser Clarity Potion |
| 12:26 | Rifleman |
| 12:58 | Priest |
| 13:00 | Farm |
| 13:02 | Knight |
| 13:08 | Spell Breaker |
| 13:09 | Iron Plating |
| 13:11 | Farm |
| 13:54 | Spell Breaker |
| 13:55 | Knight |
| 14:14 | Knight |
| 14:31 | Knight |
| 14:34 | Farm |
| 14:41 | Orb of Fire |
| 14:41 | Scroll of Town Portal |
| 14:46 | Spell Breaker |
| 15:26 | Knight |
| 15:27 | Spell Breaker |
| 15:29 | Farm |
| 15:51 | Farm |
| 15:59 | Priest |
| 16:00 | Priest |
| 16:27 | Potion of Healing |
| 16:32 | Scroll of Town Portal |
| Chat | 561 |
| Right click | 482 |
| Select | 222 |
| Misc. action | 68 |
| Select group | 68 |
| Assign group | 61 |
| Build/train/purchase | 60 |
| Use ability | 12 |
| Esc | 5 |
| Remove unit | 1 |
| Minimap ping | 1 |

| Lesser Clarity Potion | 4 | 280 |
| Mechanical Critter | 1 | 50 |
| Potion of Healing | 2 | 300 |
| Potion of Mana | 1 | 200 |
| total: | 8 | 830g |
| Peasant | 14 | 1050 | / | 0 |
| Footman | 2 | 270 | / | 0 |
| Rifleman | 13 | 2665 | / | 390 |
| Goblin Shredder | 1 | 375 | / | 100 |
| total: | 30 | 4360g | / | 490w |
| Scout Tower | 2 | 60 | / | 40 |
| Arcane Tower | 2 | 140 | / | 100 |
| Altar of Kings | 1 | 180 | / | 50 |
| Barracks | 3 | 480 | / | 180 |
| Farm | 6 | 480 | / | 120 |
| Blacksmith | 1 | 140 | / | 60 |
| Arcane Vault | 1 | 130 | / | 30 |
| Lumber Mill | 1 | 120 | / | 0 |
| Keep | 1 | 320 | / | 210 |
| total: | 15 | 1590g | / | 480w |
| 0:07 | Altar of Kings |
| 0:09 | Peasant |
| 0:13 | Barracks |
| 0:16 | Peasant |
| 0:21 | Farm |
| 0:33 | Peasant |
| 1:02 | Farm |
| 1:03 | Peasant |
| 1:18 | Footman |
| 1:36 | Peasant |
| 1:38 | Footman |
| 1:44 | Peasant |
| 1:51 | Blacksmith |
| 1:53 | Peasant |
| 2:05 | Peasant |
| 2:17 | Farm |
| 2:28 | Holy Light |
| 2:38 | Rifleman |
| 3:07 | Rifleman |
| 3:09 | Peasant |
| 3:31 | Scout Tower |
| 3:46 | Arcane Vault |
| 4:02 | Farm |
| 4:05 | Arcane Tower |
| 4:39 | Divine Shield |
| 5:01 | Goblin Shredder |
| 5:10 | Keep |
| 5:15 | Farm |
| 5:19 | Lesser Clarity Potion |
| 5:27 | Mechanical Critter |
| 5:35 | Rifleman |
| 5:43 | Barracks |
| 7:02 | Rifleman |
| 7:02 | Rifleman |
| 7:22 | Rifleman |
| 8:14 | Long Rifles |
| 8:15 | Rifleman |
| 8:19 | Farm |
| 8:27 | Scout Tower |
| 9:03 | Rifleman |
| 9:08 | Lesser Clarity Potion |
| 9:09 | Potion of Healing |
| 9:50 | Arcane Tower |
| 9:51 | Rifleman |
| 11:11 | Lumber Mill |
| 11:13 | Rifleman |
| 11:35 | Barracks |
| 11:53 | Rifleman |
| 12:05 | Rifleman |
| 12:18 | Potion of Healing |
| 12:19 | Lesser Clarity Potion |
| 12:25 | Potion of Mana |
| 12:35 | Holy Light |
| 12:39 | Lesser Clarity Potion |
| 13:07 | Rifleman |
| 13:37 | Peasant |
| 14:48 | Peasant |
| 15:38 | Peasant |
| 15:41 | Peasant |
| 16:02 | Peasant |
| Right click | 373 |
| Select group | 189 |
| Select | 158 |
| Build/train/purchase | 62 |
| Assign group | 17 |
| Use ability | 13 |
| Misc. action | 4 |
| Item give/drop | 2 |
| Remove unit | 1 |
| Minimap ping | 1 |


| Healing Salve | 1 | 100 |
| Lesser Clarity Potion | 1 | 70 |
| Scroll of Speed | 1 | 50 |
| Potion of Healing | 2 | 300 |
| Potion of Mana | 2 | 400 |
| total: | 7 | 920g |
| Peon | 11 | 825 | / | 0 |
| Grunt | 7 | 1400 | / | 0 |
| Troll Headhunter | 9 | 1260 | / | 180 |
| Troll Berserker | 3 | 420 | / | 60 |
| Troll Witch Doctor | 2 | 290 | / | 50 |
| Goblin Zeppelin | 1 | 240 | / | 60 |
| total: | 33 | 4435g | / | 350w |
| Altar of Storms | 1 | 180 | / | 50 |
| Orc Burrow | 5 | 800 | / | 200 |
| Barracks | 2 | 360 | / | 100 |
| Voodoo Lounge | 1 | 130 | / | 30 |
| War Mill | 1 | 205 | / | 0 |
| Great Hall | 2 | 770 | / | 370 |
| Spirit Lodge | 1 | 150 | / | 150 |
| Stronghold | 1 | 315 | / | 190 |
| Fortress | 2 | 650 | / | 380 |
| total: | 13 | 2595g | / | 900w |
| 0:01 | Peon |
| 0:04 | Altar of Storms |
| 0:06 | Orc Burrow |
| 0:09 | Peon |
| 0:21 | Peon |
| 0:39 | Barracks |
| 0:50 | Peon |
| 1:14 | Peon |
| 1:26 | Orc Burrow |
| 1:30 | Peon |
| 1:41 | Grunt |
| 1:41 | Grunt |
| 1:48 | Peon |
| 2:07 | Serpent Ward |
| 2:08 | Grunt |
| 2:23 | Voodoo Lounge |
| 2:41 | Grunt |
| 3:13 | Stronghold |
| 3:27 | Orc Burrow |
| 3:48 | Grunt |
| 3:52 | Healing Wave |
| 4:06 | War Mill |
| 4:22 | Healing Salve |
| 4:25 | Lesser Clarity Potion |
| 4:25 | Scroll of Speed |
| 4:43 | Barracks |
| 4:55 | Orc Burrow |
| 5:22 | Steel Ranged Weapons |
| 6:02 | Serpent Ward |
| 6:05 | Berserker Strength |
| 6:06 | Troll Headhunter |
| 6:20 | Troll Headhunter |
| 6:52 | Troll Headhunter |
| 6:52 | Troll Regeneration |
| 7:25 | Goblin Zeppelin |
| 7:28 | Feral Spirit |
| 7:51 | Grunt |
| 8:21 | Steel Armor |
| 8:46 | Great Hall |
| 8:55 | Potion of Healing |
| 9:06 | Great Hall |
| 9:26 | Troll Headhunter |
| 9:28 | Fortress |
| 10:04 | Spirit Lodge |
| 10:06 | Orc Burrow |
| 10:23 | Troll Headhunter |
| 11:12 | Troll Headhunter |
| 11:24 | Troll Headhunter |
| 11:36 | Witch Doctor Adept Training |
| 11:36 | Witch Doctor Master Training |
| 11:56 | Berserker Upgrade |
| 11:56 | Troll Headhunter |
| 12:34 | Troll Headhunter |
| 12:39 | Chain Lighting |
| 12:55 | Troll Berserker |
| 12:55 | Troll Berserker |
| 13:08 | Grunt |
| 13:10 | Troll Witch Doctor |
| 13:21 | Peon |
| 13:21 | Peon |
| 13:38 | Peon |
| 13:38 | Peon |
| 13:47 | Troll Witch Doctor |
| 13:56 | Troll Berserker |
| 14:20 | Healing Wave |
| 16:22 | Potion of Mana |
| 16:23 | Potion of Healing |
| 16:23 | Potion of Mana |
| Select group | 477 |
| Right click | 465 |
| Select | 417 |
| Misc. action | 145 |
| Build/train/purchase | 94 |
| Use ability | 54 |
| Assign group | 44 |
| Minimap ping | 18 |
| Item give/drop | 1 |
| Esc | 1 |

| Scroll of Regeneration | 1 | 100 |
| Lesser Clarity Potion | 1 | 70 |
| Scroll of Town Portal | 1 | 350 |
| total: | 3 | 520g |
| Peasant | 10 | 750 | / | 0 |
| Footman | 6 | 810 | / | 0 |
| Rifleman | 5 | 1025 | / | 150 |
| Spell Breaker | 8 | 1720 | / | 240 |
| Dragonhawk Rider | 1 | 200 | / | 30 |
| Priest | 1 | 135 | / | 10 |
| Gryphon Rider | 1 | 280 | / | 70 |
| Goblin Zeppelin | 1 | 240 | / | 60 |
| Forest Troll Shadow Priest | 1 | 195 | / | 10 |
| Forest Troll Berserker | 1 | 245 | / | 30 |
| total: | 35 | 5600g | / | 600w |
| Scout Tower | 1 | 30 | / | 20 |
| Guard Tower | 1 | 70 | / | 50 |
| Farm | 9 | 720 | / | 180 |
| Altar of Kings | 1 | 180 | / | 50 |
| Barracks | 1 | 160 | / | 60 |
| Lumber Mill | 1 | 120 | / | 0 |
| Blacksmith | 1 | 140 | / | 60 |
| Arcane Vault | 1 | 130 | / | 30 |
| Town Hall | 1 | 385 | / | 205 |
| Arcane Sanctum | 2 | 300 | / | 280 |
| Gryphon Aviary | 1 | 140 | / | 150 |
| Keep | 1 | 320 | / | 210 |
| Castle | 1 | 360 | / | 210 |
| total: | 19 | 2305g | / | 1035w |
| 0:03 | Peasant |
| 0:03 | Peasant |
| 0:04 | Peasant |
| 0:09 | Farm |
| 0:13 | Altar of Kings |
| 0:15 | Peasant |
| 0:37 | Barracks |
| 1:06 | Peasant |
| 1:28 | Footman |
| 1:42 | Farm |
| 1:49 | Farm |
| 2:05 | Farm |
| 2:18 | Banish |
| 2:22 | Peasant |
| 2:24 | Footman |
| 2:31 | Lumber Mill |
| 2:41 | Footman |
| 2:47 | Blacksmith |
| 3:16 | Footman |
| 3:27 | Farm |
| 3:28 | Farm |
| 3:30 | Farm |
| 3:57 | Footman |
| 4:09 | Rifleman |
| 4:41 | Arcane Vault |
| 4:49 | Scout Tower |
| 4:59 | Forest Troll Shadow Priest |
| 5:11 | Siphon Mana |
| 5:28 | Forest Troll Berserker |
| 5:57 | Guard Tower |
| 5:59 | Farm |
| 6:09 | Keep |
| 6:11 | Iron Plating |
| 6:12 | Improved Masonry |
| 6:17 | Farm |
| 6:53 | Flame Strike |
| 7:20 | Rifleman |
| 7:20 | Rifleman |
| 7:21 | Footman |
| 7:38 | Iron Forged Swords |
| 7:44 | Scroll of Regeneration |
| 7:52 | Lesser Clarity Potion |
| 8:35 | Goblin Zeppelin |
| 8:59 | Arcane Sanctum |
| 9:06 | Arcane Sanctum |
| 11:08 | Spell Breaker |
| 11:10 | Spell Breaker |
| 11:10 | Control Magic |
| 11:13 | Rifleman |
| 11:13 | Rifleman |
| 11:16 | Gryphon Aviary |
| 11:20 | Improved Lumber Harvesting |
| 11:21 | Peasant |
| 11:21 | Peasant |
| 11:21 | Peasant |
| 11:40 | Scroll of Town Portal |
| 11:50 | Spell Breaker |
| 11:51 | Spell Breaker |
| 11:53 | Black Gunpowder |
| 12:02 | Studded Leather Armor |
| 13:19 | Peasant |
| 13:20 | Castle |
| 13:27 | Town Hall |
| 14:36 | Spell Breaker |
| 14:37 | Spell Breaker |
| 14:38 | Magic Sentry |
| 14:40 | Dragonhawk Rider |
| 15:00 | Spell Breaker |
| 15:35 | Priest |
| 15:37 | Spell Breaker |
| 16:13 | Gryphon Rider |
| Right click | 643 |
| Select | 297 |
| Select group | 118 |
| Build/train/purchase | 63 |
| Use ability | 28 |
| Assign group | 10 |
| Esc | 3 |
| Item give/drop | 2 |
| Remove unit | 1 |
⇛